 Dungeon Crawl Stone Soup version 0.16-a0-3326-gb44eaf1 (webtiles) character file.

639679 Gorice the Pyromancer (level 27, -14/186 HPs)
             Began as a High Elf Wanderer on Dec 20, 2014.
             Was the Champion of Sif Muna.
             Killed from afar by a red draconian scorcher (52 damage)
             ... with a blast of hellfire
             ... on level 4 of the Realm of Zot on Dec 27, 2014.
             The game lasted 20:07:28 (114161 turns).

Gorice the Pyromancer (High Elf Wanderer)         Turns: 114161, Time: 20:07:35

Health: -14/186    AC: 30    Str: 16    XL:     27
Magic:  34/48      EV: 29    Int: 26    God:    Sif Muna [******]
Gold:   8257       SH:  0    Dex: 22    Spells: 16 memorised, 10 levels left

rFire  + + .     SeeInvis .     a - +9 lajatang (freeze)
rCold  x . .     Clarity  .     B - quicksilver dragon armour
rNeg   . . .     SustAb   .     (no shield)
rPois  .         Gourm    .     J - +1 helmet
rElec  .         Spirit   .     U - +3 cloak of Flash {+Fly EV+4}
rCorr  .         Warding  .     X - +2 pair of gloves
rMut   +         Stasis   .     O - +2 pair of boots of Inviolability {+Blink MR+ Dex+1}
MR     ++++.                    w - amulet of resist mutation
Stlth  +.........               t - ring of protection from fire
                                N - ring of fire

@: mighty, very slightly contaminated, hasted, repel missiles, very quick,
incredibly resistant to hostile enchantments, very unstealthy
A: no striking features
a: Channel Energy, Forget Spell, Renounce Religion, Evoke Blink, Evoke Flight
}: 3/15 runes: decaying, slimy, gossamer


You were on level 4 of the Realm of Zot.
You worshipped Sif Muna.
Sif Muna was exalted by your worship.
You were not hungry.

You visited 12 branches of the dungeon, and saw 63 of its levels.
You visited Pandemonium 1 time, and saw 1 of its levels.
You visited the Abyss 1 time.
You also visited: Trove and Ice Cave.

You collected 11884 gold pieces.
You spent 3627 gold pieces at shops.

Inventory:

Hand weapons
 a - a +9 lajatang of freezing (weapon)
Armour
 B - a quicksilver dragon armour (worn)
 J - a +1 helmet (worn)
 O - the +2 pair of boots of Inviolability (worn) {+Blink MR+ Dex+1}
   (You found it on level 3 of the Depths)

   It affects your dexterity (+1).
   It affects your resistance to hostile enchantments.
   It lets you blink.
 U - the +3 cloak of Flash (worn) {+Fly EV+4}
   (You bought it in a shop on level 4 of the Orcish Mines)

   It affects your evasion (+4).
   It lets you fly.
 X - a +2 pair of gloves (worn)
Magical staves
 F - an uncursed staff of fire
Rods
 D - a +1 rod of destruction (10/10)
   (You found it on level 1 of the Elven Halls)
 S - a +8 rod of shadows (14/14)
   (You took it off a putrid demonspawn in Pandemonium)
Jewellery
 c - an uncursed amulet of regeneration
 i - an uncursed ring of protection from cold
 m - an uncursed amulet of resist corrosion
 r - an uncursed amulet of warding
 t - a ring of protection from fire (right hand)
 u - an uncursed ring of see invisible
 w - an amulet of resist mutation (around neck)
 x - an uncursed amulet of clarity
 C - an uncursed ring of protection from cold
 H - an uncursed ring of sustain abilities
 N - a ring of fire (left hand)
 P - an uncursed ring of poison resistance
 R - the ring of Sif Muna's Pride {Wiz rC+ rN+}
   (You took it off a deep elf master archer on level 3 of the Elven Halls)

   [ring of wizardry]

   It improves your spell success rate.
   It protects you from cold.
   It protects you from negative energy.
Magical devices
 g - a wand of fire (3)
 j - a wand of disintegration (6)
 q - a wand of digging (15)
 v - a wand of teleportation (7)
 G - a wand of heal wounds (4)
Scrolls
 d - 16 scrolls of identify
 e - 2 scrolls of blinking
 l - 4 scrolls of fog
 p - 23 scrolls of remove curse
 z - 6 scrolls of fear
 T - 3 scrolls of teleportation
Potions
 f - 4 potions of invisibility
 n - 8 potions of curing
 o - 5 potions of might
 s - 9 potions of resistance
 I - 4 potions of agility
 W - 5 potions of haste
Comestibles
 b - 9 chunks of flesh
 h - 17 meat rations
 k - 76 fruits
 A - a bread ration


   Skills:
 - Level 15.1 Fighting
 - Level 14.0 Staves
 - Level 1.1 Throwing
 * Level 13.6 Armour
 - Level 15.0 Dodging
   Level 5.0 Shields
 + Level 20.9 Spellcasting
 + Level 21.9 Conjurations
   Level 1.0 Hexes
 - Level 12.0 Charms
 - Level 5.0 Summonings
 - Level 11.4 Translocations
 + Level 22.7 Fire Magic
 - Level 15.3 Invocations
 - Level 9.0 Evocations


You had 10 spell levels left.
You knew the following spells:

 Your Spells              Type           Power        Failure   Level  Hunger
a - Throw Flame           Conj/Fire      ######       0%          2    None
c - Conjure Flame         Conj/Fire      ########     0%          3    None
d - Sticky Flame          Conj/Fire      ########     0%          4    None
f - Fireball              Conj/Fire      ########..   0%          5    None
g - Iskenderun's Mystic   Conj           #######.     0%          4    None
h - Bolt of Fire          Conj/Fire      ########..   1%          6    #......
i - Orb of Destruction    Conj           #######...   1%          7    ####...
A - Apportation           Tloc           ######....   0%          1    None
B - Summon Butterflies    Summ           ######..     1%          1    None
H - Haste                 Chrm           ######..     1%          6    #......
J - Blink                 Tloc           N/A          1%          2    None
M - Repel Missiles        Chrm/Air       ######       1%          2    None
P - Phase Shift           Tloc           ######....   1%          5    None
R - Regeneration          Chrm/Necr      ######....   1%          3    None
S - Swiftness             Chrm/Air       ######..     1%          2    None
T - Control Teleport      Chrm/Tloc      ######....   1%          4    None


Dungeon Overview and Level Annotations

Branches:
Dungeon (15/15)            Temple (1/1) D:4            Lair (8/8) D:10
  Swamp (5/5) Lair:5       Spider (5/5) Lair:5        Slime (6/6) Lair:7
    Orc (4/4) D:10            Elf (3/3) Orc:3        Vaults (4/5) D:13
  Crypt (3/3) Vaults:2       Tomb (0/3) Crypt:3      Depths (5/5) D:15
    Zot (4/5) Depths:5

Altars:
Ashenzari
Cheibriados
Dithmenos
Elyvilon
Fedhas
Gozag
Kikubaaqudgha
Makhleb
Nemelex Xobeh
Okawaru
Qazlal
Ru
Sif Muna
Trog
Vehumet
Xom
Yredelemnul
Zin
The Shining One
Beogh
Jiyva
Lugonu

Shops:
Orc:2 (   Orc:4 ([*=   Elf:1 (   Vaults:2 *   Vaults:4 ?

Portals:
Hell: Depths:1 Depths:2 Depths:3 Depths:4 Depths:5
Abyss: Depths:2* Depths:4 Depths:5
Pandemonium: Depths:3 Depths:5
Ziggurat: Depths:5

Annotations:
Elf:2 runed door
Depths:1 runed door


Message History

Zapping:
G - a wand of heal wounds (5)
Press: ? - help, Shift-Dir - straight line, f - you You feel much better.
This wand has 4 charges left.
The orb of fire glows deep purple.
The fireball explodes!
The fireball engulfs you! You resist.
* * * LOW HITPOINT WARNING * * *
The fireball engulfs the orb of fire.
The orb of fire completely resists.
Unknown command.
You slash the orb of fire! You freeze the orb of fire.
The orb of fire is almost destroyed.
A red draconian scorcher comes into view.
It is wielding a dagger.
You closely miss the orb of fire.
The orb of fire is almost destroyed.
You barely miss the orb of fire.
The orb of fire is almost destroyed.
The red draconian scorcher points at you and mumbles some strange words.
The hellfire explodes!
The blast of hellfire engulfs the orb of fire.
The orb of fire completely resists.
The blast of hellfire engulfs you!
You die...

# ..# ..### #..#
.....### #..#
#....####..#####
#..@*##......##
##..†.q.........
###...............
#....))#........#
#......##.......#
#.....###.)...###
###.#####.....#
#.# #....#..## ##
##...###..##


You could see an orb of fire and a red draconian scorcher.

Vanquished Creatures
  the royal jelly (Slime:6)
  Dissolution (Slime:4)
  Tiamat (Zot:3)
  2 ancient liches (Crypt:3)
  Sojobo (Depths:4)
  A pandemonium lord (Pan)
  Saint Roka (Swamp:4)
  2 Killer Klowns
  11 golden dragons
  A bone dragon (Zot:3)
  9 tentacled monstrosities
  An electric golem (Zot:2)
  5 Ice Fiends (Pan)
  2 deep elf master archers (Elf:3)
  5 liches
  23 acid blobs
  3 deep elf blademasters
  4 sphinxes
  A warmonger (Pan)
  2 ancient champions
  Agnes (Crypt:1)
  3 Executioners
  A thorn hunter (Swamp:5)
  9 shadow dragons
  2 tentacled starspawn (Abyss:1)
  A fire giant (Depths:2)
  13 azure jellies
  5 draconian monks
  7 revenants
  9 tengu reavers
  10 storm dragons
  An iron dragon (Zot:3)
  5 ghost moths
  8 frost giants
  10 vault wardens
  A draconian scorcher (Zot:2)
  4 draconian knights
  Louise (D:15)
  8 deep elf sorcerers
  4 curse skulls
  3 orc warlords
  15 emperor scorpions
  3 draconian zealots
  2 balrugs
  10 very ugly things
  A war gargoyle (Depths:3)
  12 stone giants
  3 reapers (Crypt:3)
  3 spriggan defenders
  7 draconian annihilators
  6 draconian shifters
  5 grey draconians
  6 vampire knights
  10 green draconians
  8 starcursed masses (Abyss:1)
  5 draconian callers
  11 deep elf demonologists
  4 dire elephants
  5 mottled draconians
  A chaos champion (Pan)
  15 deep elf annihilators
  A corrupter (Pan)
  Azrael (D:15)
  6 pale draconians
  7 black draconians
  4 white draconians
  11 red draconians
  2 purple draconians
  4 yellow draconians
  Snorg (Spider:5)
  3 green deaths
  11 ettins
  A crystal guardian (Depths:3)
  20 fire dragons
  4 minotaurs
  A mummy priest (Crypt:3)
  14 deep elf death magi
  17 great orbs of eyes
  24 death oozes
  6 death cobs
  11 eidola
  Josephine (Orc:2)
  17 ironheart preservers
  21 jiangshi
  8 yaktaur captains
  4 deep elf high priests
  8 rakshasas
  24 ice dragons
  23 hydras
  3 hell beasts
  7 monstrous demonspawn (Pan)
  12 centaur warriors
  2 spriggan air magi (Depths:3)
  2 anacondas (Depths:3)
  An alligator snapping turtle (Depths:3)
  9 vampire magi
  4 dancing weapons
  8 alligators
  11 deep troll earth magi
  A death knight (Vaults:2)
  33 death yaks
  4 tengu warriors
  23 ogre magi
  6 deep troll shamans
  6 orc high priests (Orc:4)
  Urug (Orc:4)
  5 shadow wraiths
  3 sun demons
  4 spriggan berserkers (Depths:5)
  3 storm dragon zombies
  Nergalle (D:13)
  A titan skeleton (Crypt:3)
  A wizard (D:15)
  A thrashing horror (Abyss:1)
  13 soul eaters
  A wretched star (Abyss:1)
  9 deep elf knights
  A catoblepas (Depths:4)
  2 death drakes (Zot:2)
  An iron troll (Depths:4)
  2 unseen horrors (Vaults:1)
  2 ice devils
  A hell knight (Depths:4)
  2 spriggan druids (Swamp:5)
  31 skeletal warriors
  33 deep trolls
  A ghost moth zombie (Crypt:3)
  A storm dragon skeleton (Vaults:1)
  2 fire crabs (Vaults:4)
  7 shadow demons (Pan)
  12 hill giants
  10 deep elf summoners
  3 gelid demonspawn (Pan)
  3 giant orange brains
  4 flayed ghosts
  3 ice statues (IceCv)
  13 swamp dragons
  An anaconda skeleton (Crypt:3)
  An obsidian statue (Zot:2)
  Erolcha (D:8)
  2 shambling mangroves
  21 necromancers
  A golden dragon skeleton (Crypt:3)
  Pikel (D:6)
  11 torturous demonspawn (Pan)
  7 orc sorcerers
  18 orc knights
  A shadow dragon zombie (Crypt:3)
  23 deep elf conjurers
  A lindwurm (Depths:3)
  A mana viper (Depths:3)
  13 orb spiders
  2 infernal demonspawn
  39 wolf spiders
  2 wolf spider zombies
  6 putrid demonspawn (Pan)
  2 human zombies (Vaults:4)
  9 ironbrand convokers
  5 oklob plants
  A fire giant zombie (Depths:4)
  A shadow dragon skeleton (Crypt:3)
  A draconian (shapeshifter) (Vaults:1)
  A tengu skeleton (Depths:4)
  14 harpies
  2 frost giant zombies
  4 cyclopes
  9 griffons
  An iron dragon skeleton (Crypt:3)
  7 manticores
  20 moths of wrath
  6 red wasps
  A moth of wrath (shapeshifter) (Abyss:1)
  4 stone giant zombies
  5 small abominations
  A red wasp (shapeshifter) (Vaults:2)
  11 phantasmal warriors
  12 orange demons
  84 ugly things
  7 rust devils
  21 elephants
  3 shining eyes
  Maurice (Orc:2)
  3 frost giant skeletons
  A stone giant skeleton (Vaults:1)
  11 vault sentinels
  2 shock serpent zombies (Crypt:3)
  Joseph (D:8)
  An octopode (shapeshifter) (Vaults:1)
  An eye of devastation (shapeshifter) (Vaults:4)
  3 centaur zombies
  A dire elephant zombie (Crypt:3)
  An apocalypse crab (Abyss:2)
  3 sixfirhies
  4 eyes of devastation
  6 black mambas
  3 torpor snails
  2 gargoyles
  A centaur skeleton (D:9)
  5 naga magi
  Psyche (D:8)
  A dire elephant skeleton (Crypt:3)
  6 smoke demons
  A storm dragon simulacrum (Crypt:1)
  33 spiny frogs
  A death yak zombie (Crypt:1)
  4 komodo dragons
  An anaconda simulacrum (Depths:3)
  An efreet (Pan)
  2 emperor scorpion zombies (Crypt:3)
  A yaktaur (shapeshifter) (Vaults:3)
  A kobold demonologist (Vaults:1)
  44 yaktaurs
  6 deep elf priests
  13 hellwings (Crypt:3)
  An ancient zyme (Abyss:1)
  4 red devils
  3 tengu conjurers (D:13)
  A komodo dragon (shapeshifter) (Vaults:2)
  A silent spectre (Crypt:2)
  A red draconian skeleton (Crypt:1)
  6 demonic crawlers
  20 freezing wraiths
  A guardian mummy (Crypt:3)
  4 trolls
  3 fire drakes
  22 jumping spiders
  7 blue devils
  A wind drake (shapeshifter) (Vaults:4)
  5 burning bushes (Zot:2)
  2 polar bears (Lair:8)
  A jumping spider (shapeshifter) (Vaults:3)
  2 harpy zombies
  Sonja (Spider:1)
  A mottled draconian skeleton (Crypt:2)
  8 baby alligators
  The ghost of myeffort the Geomancer, an average DDEE (D:4)
  A queen bee (D:9)
  6 boulder beetles
  A shadow dragon simulacrum (Depths:4)
  A two-headed ogre (shapeshifter) (Elf:3)
  5 raiju
  Prince Ribbit (D:4)
  2 wind drakes
  12 giant leeches
  An alligator zombie (Crypt:3)
  2 fire dragon zombies
  33 blink frogs
  15 ravens
  36 two-headed ogres
  A red wasp zombie (D:15)
  2 trapdoor spider zombies
  A catoblepas skeleton (Crypt:3)
  7 shadows
  2 ice dragon zombies (Crypt:3)
  100 slime creatures
  2 snapping turtles (Depths:3)
  A griffon zombie (Crypt:1)
  8 bog bodies
  An ettin zombie (Crypt:3)
  20 trapdoor spiders
  A fire giant simulacrum (Crypt:1)
  4 ettin skeletons
  2 wyverns
  3 basilisks
  3 flying skulls
  A water elemental (Depths:3)
  33 redbacks
  A yak (shapeshifter) (Depths:3)
  31 deep elf magi
  A black mamba zombie (Crypt:2)
  6 ynoxinuls (Pan)
  A trapdoor spider (shapeshifter) (Vaults:2)
  19 tarantellas
  A fire dragon skeleton (Crypt:3)
  3 human skeletons
  76 yaks
  A tarantella (shapeshifter) (Vaults:1)
  6 vampires
  11 spriggans
  Eustachio (D:6)
  3 fire bats (Orc:2)
  5 neqoxecs
  4 golden eyes (Slime:4)
  13 wraiths
  11 wolves
  9 hippogriffs
  3 fire elementals (D:15)
  3 hungry ghosts
  2 chaos spawn (Depths:5)
  30 deep elf fighters
  9 humans (Zot:3)
  39 vampire mosquitoes
  11 wargs
  15 insubstantial wisps
  A deep troll zombie (Vaults:1)
  A harpy simulacrum (Crypt:1)
  A naga (shapeshifter) (Vaults:4)
  6 raven skeletons (Crypt:3)
  21 water moccasins
  A water moccasin (shapeshifter) (Vaults:4)
  13 large abominations
  11 hell hounds
  24 swamp worms
  A spiny frog zombie (Crypt:1)
  6 mottled dragons
  8 porcupines
  A hydra simulacrum (Depths:3)
  24 ice beasts
  A deep troll skeleton (Vaults:4)
  A fire dragon simulacrum (Crypt:1)
  8 eyes of draining
  59 orc warriors
  7 swamp drakes
  A slave (D:6)
  41 spiders
  A snapping turtle zombie (Abyss:2)
  14 yellow wasps
  A black bear (Lair:6)
  A lindwurm zombie (Crypt:1)
  3 sky beasts
  A phantom (D:4)
  2 necrophages
  6 boggarts
  84 ogres
  A boring beetle (shapeshifter) (Vaults:1)
  29 centaurs
  3 boring beetles
  A manticore skeleton (Crypt:1)
  4 lost souls
  Duvessa (D:6)
  2 big kobolds
  A brain worm (D:12)
  17 crocodiles
  Blork the orc (D:8)
  37 giant frogs
  A fire drake skeleton (Crypt:1)
  An elf skeleton (Crypt:3)
  9 scorpions
  10 electric eels
  30 killer bees
  An oklob sapling (Zot:2)
  A troll skeleton (Crypt:1)
  2 goliath beetles
  A yellow wasp zombie (D:13)
  Dowan (D:6)
  7 giant frog zombies
  19 hounds
  2 iron imps
  16 jellies
  A two-headed ogre zombie (Orc:1)
  12 crimson imps
  3 human simulacra
  5 quasits
  36 orc priests
  A giant frog skeleton (D:4)
  A demonspawn skeleton (Crypt:2)
  10 iguanas
  32 orc wizards
  A porcupine skeleton (Crypt:2)
  9 sheep
  2 hell rats
  A lightning spire (Zot:2)
  7 worker ants
  A killer bee zombie (D:8)
  An ogre zombie (Orc:2)
  A hound zombie (D:11)
  2 ogre skeletons
  A hound skeleton (D:9)
  3 mummies
  112 river rats
  2 worker ant zombies
  28 adders
  2 orc zombies
  13 shadow imps
  2 giant eyeballs
  A giant mite (D:8)
  7 white imps
  2 giant eyeballs (shapeshifter)
  9 ufetubi
  5 worms
  An iguana skeleton (Crypt:1)
  8 giant geckos
  5 oozes
  208 orcs
  A bat skeleton (D:6)
  A bat zombie (D:5)
  3 giant cockroaches
  22 hobgoblins
  9 jackals
  36 kobolds
  20 quokkas
  3 ball pythons
  A ball python zombie (Crypt:2)
  17 bats
  10 giant newts
  2 giant spores (D:11)
  34 goblins
  A goblin simulacrum (Orc:2)
  A jackal skeleton (D:7)
  2 orc skeletons (Orc:2)
  20 rats
  5 ballistomycetes (D:11)
  A bush (Elf:2)
  2 butterflies (Pan)
  9 crawling corpses
  3 fungi
  A grand avatar (Pan)
  6 plants
  3 starspawn tentacles (Abyss:1)
3444 creatures vanquished.

Vanquished Creatures (others)
  A draconian monk (Zot:2)
  An emperor scorpion (Spider:5)
  A rust devil (Pan)
  A komodo dragon (Lair:7)
  A jumping spider (Spider:2)
  2 swamp drakes (Zot:3)
  An orc warrior (Swamp:4)
  6 lost souls
  A crimson imp (Zot:2)
  5 sheep (D:6)
  An adder (D:6)
  A worm (D:6)
  An orc (D:6)
  3 goblins (D:6)
  2 hobgoblins (D:6)
  A kobold (D:6)
  A giant newt (D:6)
  12 butterflies
  A crawling corpse (Vaults:1)
  26 fungi
  11 plants
  A starspawn tentacle (Abyss:1)
81 creatures vanquished.

Grand Total: 3525 creatures vanquished

Notes
Turn   | Place    | Note
--------------------------------------------------------------
     0 | D:1      | Gorice, the High Elf Wanderer, began the quest for the Orb.
     0 | D:1      | Gorice set off with: a book of Flames, the Reference Book on Cold, a potion of lignification, a +0 robe, a +0 dagger, a bread ration
     0 | D:1      | Reached XP level 1. HP: 14/14 MP: 3/3
     0 | D:1      | Identified the Reference Book on Cold
     2 | D:1      | Learned a level 1 spell: Flame Tongue
   813 | D:1      | Reached skill level 1 in Conjurations
   813 | D:1      | Reached XP level 2. HP: 19/19 MP: 0/4
  1541 | D:2      | Reached XP level 3. HP: 22/24 MP: 1/6
  1630 | D:2      | Found a white marble altar of Elyvilon.
  1932 | D:2      | Reached skill level 4 in Fire Magic
  2389 | D:2      | Reached XP level 4. HP: 29/29 MP: 2/9
  3281 | D:3      | Found a burning altar of Makhleb.
  3291 | D:3      | Reached XP level 5. HP: 22/34 MP: 4/12
  3822 | D:3      | Found an opulent altar of Gozag.
  4068 | D:4      | Found a staircase to the Ecumenical Temple.
  4100 | Temple   | Entered the Ecumenical Temple
  4179 | Temple   | Became a worshipper of Sif Muna the Loreminder
  4209 | Temple   | Learned a level 2 spell: Throw Flame
  4213 | Temple   | Learned a level 3 spell: Conjure Flame
  4273 | D:4      | Noticed an ogre
  4412 | D:4      | Noticed myeffort's ghost (average DDEE)
  4438 | D:4      | Killed myeffort's ghost
  4438 | D:4      | Reached skill level 5 in Fire Magic
  4438 | D:4      | Reached XP level 6. HP: 25/39 MP: 4/17
  4607 | D:4      | Found an iron altar of Okawaru.
  4663 | D:4      | Noticed Prince Ribbit
  4716 | D:4      | Noticed a phantom
  4734 | D:4      | Killed a phantom
  4734 | D:4      | Acquired Sif Muna's first power
  4805 | D:4      | Noticed an ice beast
  4836 | D:4      | Killed an ogre
  4836 | D:4      | Reached skill level 5 in Conjurations
  4836 | D:4      | Reached XP level 7. HP: 36/45 MP: 1/20
  4926 | D:4      | Killed an ice beast
  5745 | D:5      | Entered Level 5 of the Dungeon
  5871 | D:5      | Reached skill level 6 in Fire Magic
  5876 | D:5      | Acquired Sif Muna's second power
  5968 | D:5      | Reached skill level 5 in Spellcasting
  6065 | D:5      | Reached XP level 8. HP: 31/50 MP: 22/22
  7030 | D:6      | Noticed Pikel
  7059 | D:6      | Killed Pikel
  7059 | D:6      | Reached skill level 7 in Conjurations
  7127 | D:6      | Found a shimmering altar of Xom.
  7267 | D:6      | Noticed Eustachio
  7278 | D:6      | Killed Eustachio
  7410 | D:6      | Noticed Dowan
  7411 | D:6      | Noticed Duvessa
  7426 | D:6      | Killed Dowan
  7426 | D:6      | Reached XP level 9. HP: 39/54 MP: 18/26
  7459 | D:6      | Killed Duvessa
  7987 | Temple   | Learned a level 4 spell: Sticky Flame
  7991 | Temple   | Learned a level 3 spell: Inner Flame
  8048 | D:4      | Killed Prince Ribbit
  8048 | D:4      | Acquired Sif Muna's third power
  8048 | D:4      | Reached skill level 8 in Conjurations
  8222 | D:7      | Noticed a hill giant
  8236 | D:7      | Killed a hill giant
  9000 | D:7      | Reached skill level 9 in Conjurations
  9221 | D:8      | Identified Sif Muna's Grimoire of Poison
  9318 | D:8      | Noticed Psyche
  9334 | D:8      | Killed Psyche
  9414 | D:8      | Noticed Blork the orc
  9432 | D:8      | Killed Blork the orc
  9595 | D:8      | Reached XP level 10. HP: 60/60 MP: 23/29
  9905 | D:8      | Noticed Erolcha
  9924 | D:8      | Killed Erolcha
 10011 | D:8      | Noticed Joseph
 10028 | D:8      | Killed Joseph
 10905 | D:9      | Reached skill level 10 in Conjurations
 11033 | D:9      | Found a basalt altar of Yredelemnul.
 11033 | D:9      | Found a shattered altar of Ashenzari.
 11092 | D:9      | Received a gift from Sif Muna
 11093 | D:9      | Identified Sif Muna's Incunabulum of Moulding (Sif Muna gifted it to you on level 9 of the Dungeon)
 11768 | D:9      | Reached skill level 10 in Fire Magic
 12074 | D:9      | Reached skill level 10 in Spellcasting
 12706 | D:9      | Found a sparkling altar of Nemelex Xobeh.
 12968 | Temple   | Learned a level 5 spell: Fireball
 13105 | D:10     | Entered Level 10 of the Dungeon
 13660 | D:10     | Found a staircase to the Lair.
 13733 | D:10     | Noticed a hill giant
 13738 | D:10     | Killed a hill giant
 13738 | D:10     | Reached XP level 11. HP: 58/64 MP: 10/31
 13786 | D:10     | Reached skill level 11 in Conjurations
 13803 | D:10     | Found a staircase to the Orcish Mines.
 14170 | Lair:1   | Entered Level 1 of the Lair of Beasts
 14204 | Lair:1   | Reached skill level 1 in Dodging
 15245 | Lair:1   | Received a gift from Sif Muna
 15901 | Lair:1   | Learned a level 4 spell: Iskenderun's Mystic Blast
 17975 | Lair:3   | Noticed a seven-headed hydra
 18004 | Lair:3   | Killed a seven-headed hydra
 18845 | Lair:3   | Reached skill level 12 in Conjurations
 19076 | Lair:4   | Noticed a seven-headed hydra
 19085 | Lair:4   | Killed a seven-headed hydra
 19085 | Lair:4   | Reached skill level 5 in Dodging
 19085 | Lair:4   | Reached XP level 12. HP: 36/70 MP: 16/33
 19220 | Lair:4   | Noticed a death yak
 19246 | Lair:4   | Killed a death yak
 19246 | Lair:4   | Received a gift from Sif Muna
 19247 | Lair:4   | Identified Jinlist's Handbook of Battle Magic and Weightlessness (Sif Muna gifted it to you on level 4 of the Lair of Beasts)
 19426 | Lair:4   | Noticed a death yak
 19428 | Lair:4   | Noticed a death yak
 19433 | Lair:4   | Killed a death yak
 19436 | Lair:4   | Killed a death yak
 19592 | Lair:4   | Noticed a death yak
 19602 | Lair:4   | Killed a death yak
 20663 | Lair:4   | Found an ancient bone altar of Kikubaaqudgha.
 21337 | Lair:5   | Noticed a dire elephant
 21365 | Lair:5   | Killed a dire elephant
 21539 | Lair:5   | Found a staircase to the Swamp.
 21615 | Lair:5   | Found a hole to the Spider Nest.
 21615 | Lair:5   | Reached skill level 13 in Conjurations
 22015 | Lair:5   | Reached XP level 13. HP: 74/74 MP: 13/35
 22017 | Lair:5   | Received a gift from Sif Muna
 22018 | Lair:5   | Identified Yggast's Grimoire of Damaging Heat (Sif Muna gifted it to you on level 5 of the Lair of Beasts)
 22130 | Lair:5   | Noticed an eight-headed hydra
 22148 | Lair:5   | Killed an eight-headed hydra
 24273 | Lair:1   | Identified a scroll of acquirement
 24274 | Lair:1   | Got a fine robe
 24285 | Lair:1   | Identified the +2 robe "Vereat" {+Inv +Fly rElec rPois} (You acquired it on level 1 of the Lair of Beasts)
 26396 | Lair:7   | Reached skill level 14 in Conjurations
 26942 | Orc:1    | Entered Level 1 of the Orcish Mines
 27402 | Orc:1    | Received a gift from Sif Muna
 27405 | Orc:1    | Identified Sif Muna's Disquisition on Blistering Conjuration (Sif Muna gifted it to you on level 1 of the Orcish Mines)
 27940 | Orc:2    | Found a flagged portal.
 27941 | Orc:2    | Noticed Josephine
 27959 | Orc:3    | Found a staircase to the Elven Halls.
 27961 | Orc:3    | Found a radiant altar of Vehumet.
 28053 | Orc:3    | Found a frozen archway.
 28142 | IceCv    | Entered an ice cave
 28317 | IceCv    | Reached XP level 14. HP: 81/81 MP: 5/36
 28383 | IceCv    | Identified the Incunabulum of Warped Transmigration
 28387 | IceCv    | Learned a level 2 spell: Blink
 28632 | Orc:2    | Found Kiwkofam's Weapon Emporium.
 28807 | Orc:2    | Noticed Maurice
 28810 | Orc:2    | Killed Maurice
 29302 | Orc:2    | Killed Josephine
 30008 | Orc:3    | Noticed an orc warlord
 30017 | Orc:3    | Reached skill level 10 in Dodging
 30019 | Orc:3    | Killed an orc warlord
 30021 | Orc:3    | HP: 4/81 [ynoxinul/iron shot[an orc warlord] (23)]
 30435 | Orc:3    | Noticed an orc warlord
 30443 | Orc:3    | Killed an orc warlord
 33080 | D:13     | HP: 3/81 [enchanted long sword (10)]
 33296 | Lair:1   | Learned a level 6 spell: Bolt of Fire
 33411 | Lair:7   | Received a gift from Sif Muna
 33416 | Lair:7   | Learned a level 2 spell: Repel Missiles
 33419 | Lair:7   | Learned a level 2 spell: Swiftness
 33423 | Lair:7   | Learned a level 3 spell: Flight
 33457 | Lair:8   | Entered Level 8 of the Lair of Beasts
 33608 | Lair:8   | Reached skill level 1 in Translocations
 34507 | Lair:7   | Reached skill level 1 in Charms
 34635 | Lair:8   | Reached XP level 15. HP: 80/85 MP: 8/38
 35197 | Lair:8   | Reached skill level 15 in Spellcasting
 35412 | Lair:7   | Found a staircase to the Slime Pits.
 35632 | Lair:1   | Learned a level 5 spell: Phase Shift
 35693 | Orc:4    | Entered Level 4 of the Orcish Mines
 35693 | Orc:4    | Found Guviyts' General Store.
 35697 | Orc:4    | Noticed Urug
 36185 | Orc:4    | Found Qiosem's Antique Weapon Emporium.
 36913 | Orc:4    | Killed Urug
 37089 | Orc:4    | Received a gift from Sif Muna
 37090 | Orc:4    | Identified Sif Muna's Almanac of Boosting Combat Magic (Sif Muna gifted it to you on level 4 of the Orcish Mines)
 37169 | Orc:4    | Upgraded the game from 0.16-a0-3218-g9b393b2 to 0.16-a0-3227-gebd230d
 37180 | Orc:4    | Found Keyth's Antique Armour Shop.
 37249 | Orc:4    | Bought a pair of embroidered boots for 121 gold pieces
 37249 | Orc:4    | Bought the +3 cloak of Flash {+Fly EV+4} for 1225 gold pieces
 37249 | Orc:4    | Bought a pair of glowing gloves for 121 gold pieces
 37469 | Orc:4    | Bought a scroll of blinking for 112 gold pieces
 37612 | Orc:4    | Upgraded the game from 0.16-a0-3227-gebd230d to 0.16-a0-3228-ge148b08
 37755 | Orc:4    | Reached skill level 5 in Translocations
 37964 | Orc:4    | Found Throgu's Jewellery Shop.
 37972 | Orc:4    | Bought an uncursed ring of protection from fire for 250 gold pieces
 37972 | Orc:4    | Bought an uncursed ring of protection from cold for 250 gold pieces
 38060 | Orc:4    | Found a roughly hewn altar of Beogh.
 38589 | Swamp:1  | Entered Level 1 of the Swamp
 41160 | Swamp:3  | Reached XP level 16. HP: 83/96 MP: 12/39
 42144 | Swamp:4  | Noticed Saint Roka
 42152 | Swamp:4  | Received a gift from Sif Muna
 42162 | Swamp:4  | Killed Saint Roka
 42162 | Swamp:4  | Reached skill level 5 in Fighting
 42162 | Swamp:4  | Reached skill level 16 in Spellcasting
 42163 | Swamp:4  | Identified Sif Muna's Grimoire of Combat Magic and Lightness (Sif Muna gifted it to you on level 4 of the Swamp)
 43675 | D:13     | Found a gate to the Vaults.
 43706 | D:13     | Reached skill level 1 in Evocations
 43777 | D:13     | Noticed Nergalle
 43785 | D:13     | Killed Nergalle
 44782 | D:14     | Learned a level 1 spell: Apportation
 44784 | D:14     | Learned a level 1 spell: Summon Butterflies
 44815 | D:14     | Found a sacrificial altar of Ru.
 45501 | D:15     | Entered Level 15 of the Dungeon
 45655 | D:15     | Noticed Azrael
 45889 | D:15     | Killed Azrael
 46846 | D:15     | Noticed Louise
 46852 | D:15     | Killed Louise
 46852 | D:15     | Reached skill level 5 in Evocations
 47459 | D:15     | Found a staircase to the Depths.
 47780 | Lair:1   | Learned a level 3 spell: Inner Flame
 47798 | Lair:1   | Learned a level 4 spell: Control Teleport
 47880 | Spider:1 | Entered Level 1 of the Spider Nest
 47880 | Spider:1 | Noticed Sonja
 47882 | Spider:1 | Killed Sonja
 48702 | Spider:1 | Reached XP level 17. HP: 107/107 MP: 26/40
 52074 | Lair:1   | Upgraded the game from 0.16-a0-3228-ge148b08 to 0.16-a0-3250-g88dccf0
 52261 | Swamp:5  | Entered Level 5 of the Swamp
 52505 | Swamp:5  | Reached skill level 15 in Fire Magic
 53491 | Swamp:5  | Noticed a tentacled monstrosity
 53525 | Swamp:5  | Killed a tentacled monstrosity
 53890 | Swamp:5  | Received a gift from Sif Muna
 53891 | Swamp:5  | Identified Motwedas' Tome of Ignition (Sif Muna gifted it to you on level 5 of the Swamp)
 54027 | Swamp:5  | Reached skill level 15 in Dodging
 54240 | Swamp:5  | Got a decaying rune of Zot
 54390 | Swamp:5  | Reached skill level 1 in Invocations
 54771 | Spider:5 | Entered Level 5 of the Spider Nest
 54828 | Spider:5 | Noticed Snorg
 54840 | Spider:5 | Killed Snorg
 54961 | Spider:5 | Reached XP level 18. HP: 69/118 MP: 5/41
 56233 | Spider:5 | Reached skill level 10 in Fighting
 56522 | Spider:5 | Reached skill level 5 in Invocations
 56673 | Spider:5 | Got a gossamer rune of Zot
 57481 | Vaults:1 | Entered Level 1 of the Vaults
 60371 | Vaults:2 | Reached XP level 19. HP: 129/129 MP: 25/42
 61183 | Vaults:2 | Upgraded the game from 0.16-a0-3250-g88dccf0 to 0.16-a0-3260-g19c2095
 61270 | Vaults:2 | Reached skill level 17 in Fire Magic
 62491 | Lair:1   | Learned a level 7 spell: Orb of Destruction
 62658 | Vaults:2 | Reached skill level 10 in Invocations
 63132 | Vaults:2 | Found a staircase to the Crypt.
 63159 | Vaults:2 | Reached skill level 15 in Conjurations
 63510 | Vaults:2 | Found Taosaira's Assorted Antiques.
 64135 | Vaults:3 | Received a gift from Sif Muna
 64139 | Vaults:3 | Identified Sif Muna's Volume of Arcane Weapons (Sif Muna gifted it to you on level 3 of the Vaults)
 65762 | Vaults:3 | Reached XP level 20. HP: 141/141 MP: 13/42
 67082 | Vaults:4 | Found Samonados' Magic Scroll Emporium.
 68228 | Vaults:4 | Reached skill level 5 in Shields
 68397 | Vaults:4 | Bought a scroll of acquirement for 520 gold pieces
 68863 | Lair:1   | Got a pair of ancient gloves
 68874 | Lair:1   | Identified the -2 pair of gloves of Asaocebo {Str+3 Dex+4} (You acquired it on level 1 of the Lair of Beasts)
 69048 | Depths:1 | Entered Level 1 of the Depths
 69053 | Depths:1 | Reached skill level 15 in Fighting
 69280 | Depths:1 | Reached skill level 1 in Summonings
 69543 | Depths:1 | Received a gift from Sif Muna
 69550 | Depths:1 | Identified Wypigu's Tome of the Compass (Sif Muna gifted it to you on level 1 of the Depths)
 69826 | Depths:1 | Found a gateway to Hell.
 69884 | Depths:1 | Reached skill level 5 in Charms
 70051 | Depths:1 | Reached XP level 21. HP: 151/151 MP: 12/43
 70244 | Depths:1 | Found a snail-covered altar of Cheibriados.
 70367 | Depths:1 | Upgraded the game from 0.16-a0-3260-g19c2095 to 0.16-a0-3288-g377cd6f
 70497 | Depths:1 | Found a runed door.
 70516 | Depths:1 | Found a viscous altar of Jiyva.
 71025 | Depths:2 | Found a corrupted altar of Lugonu.
 71036 | Depths:2 | Found a one-way gate to the infinite horrors of the Abyss.
 71375 | Depths:2 | Reached skill level 5 in Summonings
 71784 | Depths:2 | Reached skill level 10 in Translocations
 72002 | Depths:3 | Received a gift from Sif Muna
 72003 | Depths:3 | Identified Sif Muna's Papyrus of Displacement and Protection (Sif Muna gifted it to you on level 3 of the Depths)
 72499 | Depths:3 | Reached skill level 5 in Staves
 73966 | Depths:3 | Found a one-way gate leading to the halls of Pandemonium.
 74077 | Depths:3 | Reached XP level 22. HP: 146/157 MP: 9/44
 74190 | Depths:3 | Reached skill level 10 in Charms
 74254 | Depths:3 | Received a gift from Sif Muna
 74256 | Depths:3 | Identified Sif Muna's Almanac of Doomed Protection (Sif Muna gifted it to you on level 3 of the Depths)
 74272 | Depths:3 | Got a pair of dazzling boots
 74278 | Depths:3 | Got a crude falchion
 74293 | Depths:3 | Identified the +2 falchion "Brosu" {slice, rElec} (You found it on level 3 of the Depths)
 74310 | Depths:3 | Identified the cursed +2 pair of boots of Inviolability {+Blink MR+ Dex+1} (You found it on level 3 of the Depths)
 75306 | Lair:1   | Learned a level 6 spell: Haste
 75696 | Orc:4    | Bought a transparent scale mail for 243 gold pieces
 75707 | Orc:4    | Identified the +3 scale mail of the Old World {+Inv rPois} (You bought it in a shop on level 4 of the Orcish Mines)
 76282 | Depths:4 | Found a portal to a secret trove of treasure.
 76288 | Depths:4 | damn trove needs 2?acq I've recently read one of my 2!
 76288 | Depths:4 | (and got a crap pair of -2 gloves)
 76311 | Depths:4 | Noticed Sojobo
 76322 | Depths:4 | Killed Sojobo
 76558 | Depths:4 | Reached skill level 18 in Spellcasting
 77087 | Depths:4 | Reached skill level 10 in Staves
 78109 | Depths:5 | Entered Level 5 of the Depths
 78589 | Depths:5 | Identified the Almanac of Protection (You found it on level 5 of the Depths)
 78594 | Depths:5 | Learned a level 3 spell: Regeneration
 78613 | Depths:5 | Reached XP level 23. HP: 162/162 MP: 31/45
 78837 | Depths:5 | Found a gateway to a ziggurat.
 79840 | Depths:5 | Found a gate to the Realm of Zot.
 80340 | Slime:1  | Entered Level 1 of the Pits of Slime
 81414 | Slime:4  | Noticed Dissolution
 81423 | Slime:4  | Killed Dissolution
 81423 | Slime:4  | Reached skill level 15 in Invocations
 81905 | Slime:6  | Entered Level 6 of the Pits of Slime
 82561 | Slime:6  | Noticed the royal jelly
 82855 | Slime:6  | Found a viscous altar of Jiyva.
 83885 | Elf:1    | Entered Level 1 of the Elven Halls
 83974 | Elf:1    | Found Saitueshi's Weapon Shop.
 84234 | Elf:1    | Identified a +1 rod of destruction (10/10) (You found it on level 1 of the Elven Halls)
 84993 | Elf:2    | Received a gift from Sif Muna
 85076 | Elf:2    | Found a huge runed gate.
 85076 | Elf:2    | Found a huge runed gate.
 85076 | Elf:2    | Found a huge runed gate.
 85271 | Elf:3    | Entered Level 3 of the Elven Halls
 86083 | Elf:3    | Reached XP level 24. HP: 69/169 MP: 11/45
 86317 | Elf:3    | Got a translucent long sword
 86327 | Elf:3    | Received a gift from Sif Muna
 86328 | Elf:3    | Identified Sif Muna's Incunabulum of Hurtful Translocation (Sif Muna gifted it to you on level 3 of the Elven Halls)
 86345 | Elf:3    | Got a sparkling turquoise ring
 86347 | Elf:3    | Got a smelly plate armour
 86457 | Elf:3    | Got a translucent great sword
 86563 | Orc:3    | Identified the cursed -5 plate armour of Protective Custody {rC+ Str+3} (You took it off a deep elf master archer on level 3 of the Elven Halls)
 86563 | Orc:3    | Identified the cursed +2 great sword "Amoev" {flame, Stlth--} (You took it off a deep elf sorcerer on level 3 of the Elven Halls)
 86565 | Orc:3    | Identified the ring of Sif Muna's Pride {Wiz rC+ rN+} (You took it off a deep elf master archer on level 3 of the Elven Halls)
 86584 | Orc:3    | Identified the +11 long sword "Killer Bee's Foe" {freeze, +Blink} (You took it off a deep elf demonologist on level 3 of the Elven Halls)
 86838 | Elf:3    | Identified the Guide on Toxins
 86855 | Elf:3    | Identified the Volume of Confrontation and Feathers
 87803 | Crypt:1  | Entered Level 1 of the Crypt
 88144 | Crypt:1  | Reached skill level 1 in Armour
 89796 | Crypt:2  | Noticed Agnes
 89902 | Crypt:1  | Killed Agnes
 91379 | Crypt:2  | Received a gift from Sif Muna
 91380 | Crypt:2  | Identified Sif Muna's Papyrus of Conjuration (Sif Muna gifted it to you on level 2 of the Crypt)
 92961 | Depths:4 | You paid a toll of 2 scrolls of acquirement to enter a treasure trove
 92962 | Trove    | Entered a treasure trove
 92985 | Trove    | Got an ancient quarterstaff
 93012 | Trove    | Got a warped lajatang
 93067 | Trove    | Identified the +5 quarterstaff of Fedhas' Generosity {pain, rN+ SInv} (You found it in a treasure trove)
 93069 | Trove    | Identified the +7 lajatang of Mymurgh {pain, +Inv rF+ Str-5} (You found it in a treasure trove)
 93640 | Vaults:4 | Bought a scroll of brand weapon for 200 gold pieces
 93640 | Vaults:4 | Bought a scroll of teleportation for 30 gold pieces
 93811 | Crypt:3  | Entered Level 3 of the Crypt
 94069 | Crypt:3  | Reached skill level 19 in Spellcasting
 94509 | Crypt:3  | Reached skill level 5 in Armour
 95058 | Crypt:3  | Found a staircase to the Tomb.
 95690 | Crypt:3  | Reached XP level 25. HP: 147/174 MP: 40/46
 95829 | Crypt:3  | Found an ancient bone altar of Kikubaaqudgha.
 96249 | Crypt:3  | Noticed an ancient lich
 96249 | Crypt:3  | Noticed an ancient lich
 96268 | Crypt:3  | Killed an ancient lich
 96268 | Crypt:3  | Received a gift from Sif Muna
 96863 | Crypt:3  | Killed an ancient lich
 97018 | Crypt:3  | Identified Jueffom's Almanac of Stones
 97072 | Crypt:3  | Identified Sif Muna's Collected Works on Conjuration (Sif Muna gifted it to you on level 3 of the Crypt)
 98282 | Lair:1   | Learned a level 2 spell: Throw Flame
 98482 | Vaults:2 | Bought a glowing paperback book for 555 gold pieces
 98747 | Pan      | Entered Pandemonium
 99191 | Pan      | Found an exit through the horrors of the Abyss.
 99779 | Pan      | Noticed Ghom the pandemonium lord
 99789 | Pan      | Killed Ghom the pandemonium lord
 99789 | Pan      | Received a gift from Sif Muna
 99806 | Pan      | Identified Sif Muna's Collected Works on the Supportive Voyage (Sif Muna gifted it to you in Pandemonium)
 99984 | Pan      | Got a silken robe
100464 | Pan      | Reached skill level 20 in Spellcasting
100872 | Pan      | Upgraded the game from 0.16-a0-3288-g377cd6f to 0.16-a0-3295-gb88e9a2
101135 | Pan      | Took an exit into the Abyss.
101135 | Abyss:1  | Escaped into the Abyss
102046 | Abyss:2  | Found a corrupted altar of Lugonu.
102157 | Abyss:2  | Upgraded the game from 0.16-a0-3295-gb88e9a2 to 0.16-a0-3303-g3c4fcab
102164 | Depths:3 | Escaped the Abyss
102406 | Lair:1   | Identified the +0 robe of Evolution {Str+1 Int+4} (You found it in Pandemonium)
102419 | Lair:1   | Identified a +8 rod of shadows (14/14) (You took it off a putrid demonspawn in Pandemonium)
102979 | Slime:6  | Killed the royal jelly
102979 | Slime:6  | Received a gift from Sif Muna
102980 | Slime:6  | Identified Sif Muna's Compendium of Battle Magic and Intoxication (Sif Muna gifted it to you on level 6 of the Pits of Slime)
103808 | Slime:6  | Got a slimy rune of Zot
103883 | Slime:6  | Identified a +0 pair of boots of running (You found it on level 6 of the Pits of Slime)
104439 | Slime:6  | Identified Ykosoesu's Reference Book on Combat Magic
104491 | Slime:6  | Identified the Compendium of Evil
105044 | Zot:1    | Entered Level 1 of the Realm of Zot
105113 | Zot:1    | Reached XP level 26. HP: 169/180 MP: 21/47
106573 | Zot:2    | Reached skill level 10 in Armour
106719 | Zot:2    | Received a gift from Sif Muna
106720 | Zot:2    | Identified Voepob's Papyrus of Fiery Confrontation (Sif Muna gifted it to you on level 2 of the Realm of Zot)
106776 | Zot:2    | Got a pair of faintly humming boots
106797 | Zot:2    | Identified the +3 pair of boots of the Sailor {Str-4 Int+1} (You found it on level 2 of the Realm of Zot)
107083 | Zot:2    | Got a crude ring mail
107100 | Zot:1    | Identified the +3 ring mail "Psoud" {rCorr SInv Stlth+} (You found it on level 2 of the Realm of Zot)
107125 | Zot:2    | Reached skill level 21 in Fire Magic
107261 | Zot:2    | Upgraded the game from 0.16-a0-3303-g3c4fcab to 0.16-a0-3314-g628a0c2
108864 | Zot:3    | Received a gift from Sif Muna
110827 | Zot:3    | Reached skill level 22 in Fire Magic
110872 | Zot:3    | Noticed Tiamat
110904 | Zot:3    | Received a gift from Sif Muna
110916 | Zot:3    | HP: 8/180 [Tiamat/ivory glaive {freeze} (25)]
110916 | Zot:3    | HP: 3/180 [Tiamat/ivory glaive {freeze} (5)]
110949 | Zot:3    | Identified Sif Muna's Collected Works on Confrontation (Sif Muna gifted it to you on level 3 of the Realm of Zot)
111243 | Zot:3    | Reached XP level 27. HP: 186/186 MP: 41/48
112329 | Zot:3    | Killed Tiamat
112332 | Zot:3    | Got an ivory glaive {freeze}
112479 | Zot:3    | Upgraded the game from 0.16-a0-3314-g628a0c2 to 0.16-a0-3326-gb44eaf1
112662 | Zot:3    | Received a gift from Sif Muna
112663 | Zot:3    | Identified Climeacs' Grimoire of Calling (Sif Muna gifted it to you on level 3 of the Realm of Zot)
112688 | Zot:3    | Identified the +10 glaive "Zogguda" {freeze, MR+ Dex+3} (You took it off Tiamat on level 3 of the Realm of Zot)
113486 | Zot:3    | Identified Vehumet's Tome of Fiery Combat Magic
114117 | Zot:4    | Noticed an orb of fire
114161 | Zot:4    | Killed from afar by a red draconian scorcher

Action                   |  1- 3 |  4- 6 |  7- 9 | 10-12 | 13-15 | 16-18 | 19-21 | 22-24 | 25-27 || total
-------------------------+-------+-------+-------+-------+-------+-------+-------+-------+-------++-------
Melee: Dagger            |    35 |    11 |   117 |    90 |       |       |       |       |       ||   253
       Rapier            |       |       |       |    66 |   657 |   317 |       |       |       ||  1040
       Staff             |       |       |       |       |       |       |    59 |   564 |   424 ||  1047
       Lajatang          |       |       |       |       |       |       |       |    56 |   677 ||   733
       Quarterstaff      |       |       |       |       |       |       |       |    11 |    35 ||    46
 Fire: Blowgun           |       |       |       |    17 |     7 |       |       |       |       ||    24
Throw: Stone             |       |     5 |       |       |       |       |       |       |       ||     5
       Tomahawk          |       |       |     1 |       |       |       |       |       |       ||     1
 Cast: Flame Tongue      |    81 |   107 |   164 |   297 |   153 |    13 |       |       |       ||   815
       Throw Flame       |       |     9 |    24 |   141 |   157 |    57 |    12 |     5 |     1 ||   406
       Conjure Flame     |       |     3 |    37 |   119 |   134 |   148 |    60 |   101 |    91 ||   693
       Sticky Flame      |       |       |     8 |   117 |   305 |   197 |    89 |    74 |    55 ||   845
       Fireball          |       |       |       |    11 |   262 |   210 |    59 |   232 |   152 ||   926
       Iskenderun's Myst |       |       |       |    12 |    36 |   167 |    98 |    68 |   100 ||   481
       Bolt of Fire      |       |       |       |       |    35 |   245 |   494 |   346 |   357 ||  1477
       Repel Missiles    |       |       |       |       |     2 |     4 |     6 |     2 |     8 ||    22
       Phase Shift       |       |       |       |       |     6 |    49 |    31 |    37 |    42 ||   165
       Flight            |       |       |       |       |     6 |     4 |       |       |       ||    10
       Blink             |       |       |       |       |     5 |    12 |     6 |     3 |       ||    26
       Summon Butterflie |       |       |       |       |       |     2 |       |     2 |       ||     4
       Swiftness         |       |       |       |       |       |     1 |     2 |     1 |     2 ||     6
       Orb of Destructio |       |       |       |       |       |       |     7 |    16 |    40 ||    63
       Regeneration      |       |       |       |       |       |       |       |     9 |    65 ||    74
       Haste             |       |       |       |       |       |       |       |     1 |     4 ||     5
       Control Teleport  |       |       |       |       |       |       |       |       |     1 ||     1
Invok: Channel Energy    |       |       |     5 |    61 |   910 |  1471 |   957 |   535 |   497 ||  4436
       Forget Spell      |       |       |       |       |       |     3 |       |     1 |     1 ||     5
 Abil: Evoke Flight      |       |       |       |       |       |     1 |       |     1 |       ||     2
       Stop Flying       |       |       |       |       |       |       |     1 |       |       ||     1
       Evoke Blink       |       |       |       |       |       |       |       |    11 |    24 ||    35
Evoke: Wand              |       |       |    13 |     5 |     4 |     8 |       |     2 |    14 ||    46
  Use: Scroll            |     3 |     7 |    11 |     6 |    19 |     7 |     9 |    15 |    16 ||    93
       Potion            |       |       |     1 |     9 |     7 |     5 |     2 |     3 |    15 ||    42
 Stab: Sleeping          |       |       |     1 |     1 |     1 |       |       |     1 |       ||     4
       Distracted        |       |       |       |       |       |       |       |       |     1 ||     1
       Confused          |       |       |       |       |       |       |       |       |     1 ||     1
  Eat: Chunk             |     7 |    20 |    18 |    53 |   231 |   329 |   264 |   171 |   116 ||  1209
       Pizza             |       |       |       |       |     1 |       |       |     1 |     3 ||     5
       Meat ration       |       |       |       |       |       |     1 |     1 |     5 |     9 ||    16
       Fruit             |       |       |       |       |       |       |     1 |     1 |     4 ||     6
       Beef jerky        |       |       |       |       |       |       |       |       |     1 ||     1
